 Dungeon Crawl Stone Soup version 0.31-a0-845-g9abc20d24f (webtiles) character file.

Game seed: 15837363537999597695

1939 croobank the Covert (level 9, -2/74 HPs)
             Began as a Gnoll Delver on Oct 2, 2023.
             Slain by a two-headed ogre
             ... wielding a +0 giant club
              (16 damage)
             ... on level 8 of the Dungeon.
             The game lasted 00:46:26 (6440 turns).

croobank the Covert (Gnoll Delver)                  Turns: 6440, Time: 00:46:27

Health: -2/74      AC: 11    Str: 14    XL:     9   Next: 18%
Magic:  3/5        EV: 14    Int: 19    God:
Gold:   410        SH:  0    Dex: 14    Spells: 7/16 levels left

rFire   . . .        t - +1 sling of War {antimagic, rC- rN+ Str+2}
rCold   . . .        (no shield)
rNeg    + . .        D - +0 steam dragon scales
rPois   .            (no helmet)
rElec   .            l - +2 cloak
rCorr   .            b - +0 pair of gloves
SInv    .            n - +0 pair of boots
Will    .....        y - amulet of regeneration
Stlth   ++++         p - +6 ring of intelligence
HPRegen 1.12/turn    i - ring of protection from cold
MPRegen 0.09/turn

%: no passive effects
@: no status effects
A: fangs 1, strong nose, distributed training
a: no special abilities


You were on level 8 of the Dungeon.
You visited 2 branches of the dungeon, and saw 9 of its levels.

You collected 410 gold pieces.

Inventory:

Hand Weapons
 a - a +0 short sword
 f - a +0 hand axe of draining
 m - a +0 war axe of venom
 r - a +0 hand axe of electrocution
 t - the +1 sling of War (weapon) {antimagic, rC- rN+ Str+2}
   (You found it on level 3 of the Dungeon)

   Str+2:     It affects your strength (+2).
   rC-:       It makes you vulnerable to cold.
   rN+:       It protects you from negative energy.
 v - a +0 dagger
 H - a +1 trident of freezing
Missiles
 w - 4 atropa-tipped darts
 G - 5 poisoned darts
Armour
 b - a +0 pair of gloves (worn)
 l - a +2 cloak (worn)
 n - a +0 pair of boots (worn)
 D - +0 steam dragon scales (worn)
 F - a +0 ring mail
Magical Staves
 E - a staff of fire
Jewellery
 i - a ring of protection from cold (right hand)
 p - a +6 ring of intelligence (left hand)
 y - an amulet of regeneration (around neck)
Wands
 g - a wand of digging (3)
 j - a wand of roots (7)
Scrolls
 c - a scroll of fog
 d - a scroll of revelation
 o - a scroll of immolation
 s - a scroll of amnesia
 u - 2 scrolls of noise
 I - a scroll of teleportation
Potions
 e - 3 potions of enlightenment
 h - a potion of mutation
 k - a potion of attraction
 q - 2 potions of magic
 x - a potion of lignification {unknown}
 z - a potion of brilliance {unknown}
 A - a potion of ambrosia {unknown}
 B - a potion of heal wounds {unknown}
 C - a potion of curing {unknown}


   Skills:
 + Level 7.8 Fighting
 + Level 6.2 Short Blades
 + Level 4.0 Long Blades
 + Level 4.0 Axes
 + Level 4.0 Maces & Flails
 + Level 4.0 Polearms
 + Level 4.0 Staves
 + Level 4.0 Ranged Weapons
 + Level 4.0 Throwing
 + Level 4.0 Armour
 + Level 6.2 Dodging
 + Level 10.4 Stealth
 + Level 4.0 Shields
 + Level 4.0 Unarmed Combat
 + Level 4.0 Spellcasting
 + Level 3.3 Conjurations
 + Level 3.3 Hexes
 + Level 3.3 Summonings
 + Level 3.3 Necromancy
 + Level 3.3 Translocations
 + Level 3.3 Transmutations
 + Level 3.3 Fire Magic
 + Level 3.3 Ice Magic
 + Level 3.3 Air Magic
 + Level 3.3 Earth Magic
 + Level 3.3 Poison Magic
 + Level 4.5 Invocations
 + Level 4.0 Evocations
 + Level 3.7 Shapeshifting


You had 7 spell levels left.
You knew the following spells:

 Your Spells              Type           Power      Damage    Failure   Level
a - Stone Arrow           Conj/Erth      32%        3d9       11%         3
b - Swiftness             Air            16%        N/A       11%         3
c - Call Canine Familiar  Summ           16%        N/A       11%         3

Your spell library contained the following spells:

 Spells                   Type           Power      Damage    Failure   Level
 Sandblast                Erth           32%        2d9       3%          1
 Shock                    Conj/Air       64%        1d7       3%          1
 Passwall                 Tmut/Erth      13%        N/A       5%          2
 Ozocubu's Armour         Ice            16%        N/A       11%         3
 Sigil of Binding         Hex            16%        N/A       11%         3
 Airstrike                Air            8%         2d(2-18)  34%         4
 Brom's Barrelling Bould  Conj/Erth      16%        2d4       34%         4
 Dimensional Bullseye     Hex/Tloc       8%         N/A       34%         4
 Leda's Liquefaction      Hex/Erth       8%         N/A       34%         4
 Olgreb's Toxic Radiance  Pois           16%        N/A       34%         4
 Ozocubu's Refrigeration  Ice            8%         4d9       100%        7
 Discord                  Hex            8%         N/A       100%        8
 Ignition                 Fire           8%         3d5       100%        8


Dungeon Overview and Level Annotations

Branches:
Dungeon (8/15)             Temple (1/1) D:6
   Lair: D:8-11

Altars:
Ashenzari
Dithmenos
Fedhas
Kikubaaqudgha
Nemelex Xobeh
Ru
Sif Muna
Trog
Vehumet
Wu Jian
Xom
Yredelemnul
Zin
The Shining One

Shops:
D:8 ?

Annotations:
D:2 1 runed translucent door, Crazy Yiuf
D:3 1 runed translucent door, Kurtz's ghost, amateur OpFi
D:4 exclusion: oklob plant
D:6 3 runed translucent doors, Kurtz's ghost, novice OpFi


Innate Abilities, Weirdness & Mutations

You have very sharp teeth.
Your uncanny sense of smell can sniff out nearby items.
Your experience applies equally to all skills.


Message History

Press: ? - help, Q - select action, (/) - cycle Shift-Dir - straight line, f/p - two-headed ogre
Aim: a two-headed ogre, wielding a +0 giant club and a +0 dire flail (heavily wounded, ally target, 77% to hit)
You shoot a sling bullet.
The sling bullet hits the two-headed ogre.
The two-headed ogre is heavily wounded.
Your hound bites the two-headed ogre.
The two-headed ogre closely misses you. x2
Your hound completely misses the two-headed ogre.
Okay, then.
Okay, then.
Casting: Call Canine Familiar (dangerous; 11% risk of failure)
Confirm with . or Enter, or press ? or * to list all spells.
Okay, then.
Fire: t) +1 sling of War {antimagic, rC- rN+ Str+2}
Press: ? - help, Q - select action, (/) - cycle Shift-Dir - straight line, f/p - two-headed ogre
Aim: a two-headed ogre, wielding a +0 giant club and a +0 dire flail (heavily wounded, ally target, 77% to hit)
You shoot a sling bullet.
The sling bullet barely misses the two-headed ogre.
Your hound bites the two-headed ogre.
The two-headed ogre barely misses you. x2
Your hound barely misses the two-headed ogre.
Fire: t) +1 sling of War {antimagic, rC- rN+ Str+2}
Press: ? - help, Q - select action, (/) - cycle Shift-Dir - straight line, f/p - two-headed ogre
Aim: a two-headed ogre, wielding a +0 giant club and a +0 dire flail (heavily wounded, ally target, 77% to hit)
You shoot a sling bullet.
The sling bullet hits the two-headed ogre.
The two-headed ogre is severely wounded.
Your hound bites the two-headed ogre.
The two-headed ogre hits your hound with a +0 giant club!!
Your hound dies!
Your hound's corpse disappears in a puff of smoke!
The two-headed ogre shouts in stereo!
Fire: t) +1 sling of War {antimagic, rC- rN+ Str+2}
Press: ? - help, Q - select action, (/) - cycle Shift-Dir - straight line, f/p - two-headed ogre
Aim: a two-headed ogre, wielding a +0 giant club and a +0 dire flail (severely wounded, 77% to hit)
You shoot a sling bullet.
The sling bullet hits the two-headed ogre.
The two-headed ogre is severely wounded.
The two-headed ogre hits you with a +0 giant club!!
* * * LOW HITPOINT WARNING * * *
The two-headed ogre hits you with a +0 dire flail!
You die...

###..##
#.....####....##
#.#............#.
#..#######......
#..#.....#.....
#..#.>.∩.#...#
##.#.....#...#
#.#######...##
##........@..#
##########O.§..#
#.....# #.....
#...# #..# #.. ..


You could see a two-headed ogre.

Vanquished Creatures
  A steam dragon (D:6)
  A water moccasin (D:6)
  Duvessa (Temple)
  An orc warrior (D:7)
  A black bear (D:5)
  2 ogres
  2 ice beasts (D:6)
  A bullfrog (D:6)
  Blork the orc (D:6)
  A scorpion (D:5)
  5 wights (D:7)
  Dowan (Temple)
  A hound (D:7)
  3 orc priests
  4 iguanas
  4 orc wizards
  8 adders
  4 gnolls (D:4)
  A shadow imp (D:6)
  2 white imps
  An ufetubus (D:4)
  A worm (D:4)
  A dart slug (D:2)
  20 orcs
  4 ball pythons
  2 endoplasms
  3 giant cockroaches
  7 goblins
  5 hobgoblins
  6 jackals
  5 quokkas
  5 bats
  A frilled lizard (D:3)
  7 kobolds
  5 rats
118 creatures vanquished.

Notes
Turn   | Place    | Note
-------+----------+-------------------------------------------
     0 | D:5      | Reached skill level 9 in Stealth
     0 | D:5      | croobank the Gnoll Delver began the quest for the Orb.
     0 | D:5      | Reached XP level 1. HP: 23/23 MP: 1/1
    15 | D:6      | Noticed a water moccasin
   162 | D:3      | Reached XP level 2. HP: 27/29 MP: 2/2
   242 | D:2      | Reached XP level 3. HP: 35/35 MP: 3/3
   253 | D:2      | Reached skill level 1 in Invocations
   462 | D:1      | Reached skill level 1 in Long Blades
   462 | D:1      | Reached skill level 1 in Axes
   462 | D:1      | Reached skill level 1 in Maces & Flails
   462 | D:1      | Reached skill level 1 in Polearms
   462 | D:1      | Reached skill level 1 in Staves
   462 | D:1      | Reached skill level 1 in Ranged Weapons
   462 | D:1      | Reached skill level 1 in Throwing
   462 | D:1      | Reached skill level 1 in Armour
   462 | D:1      | Reached skill level 1 in Shields
   462 | D:1      | Reached skill level 1 in Unarmed Combat
   462 | D:1      | Reached skill level 1 in Spellcasting
   462 | D:1      | Reached skill level 1 in Evocations
   734 | D:2      | Reached skill level 1 in Shapeshifting
   734 | D:2      | Reached XP level 4. HP: 41/41 MP: 5/5
   760 | D:2      | Learned a level 3 spell: Call Canine Familiar
   787 | D:2      | Found a runed translucent door.
   788 | D:2      | Noticed Crazy Yiuf
  1076 | D:2      | Found a glowing silver altar of Zin.
  1268 | D:3      | Found a faded altar of an unknown god.
  1306 | D:3      | Found a runed translucent door.
  1306 | D:3      | Noticed Kurtz's ghost (amateur OpFi)
  1406 | D:3      | Reached skill level 1 in Conjurations
  1406 | D:3      | Reached skill level 1 in Hexes
  1406 | D:3      | Reached skill level 1 in Summonings
  1406 | D:3      | Reached skill level 1 in Necromancy
  1406 | D:3      | Reached skill level 1 in Translocations
  1406 | D:3      | Reached skill level 1 in Transmutations
  1406 | D:3      | Reached skill level 1 in Fire Magic
  1406 | D:3      | Reached skill level 1 in Ice Magic
  1406 | D:3      | Reached skill level 1 in Air Magic
  1406 | D:3      | Reached skill level 1 in Earth Magic
  1406 | D:3      | Reached skill level 1 in Poison Magic
  1437 | D:3      | Identified the +1 sling of War {antimagic, rC- rN+ Str+2}
  1578 | D:3      | Found a bloodstained altar of Trog.
  1919 | D:4      | Reached XP level 5. HP: 24/47 MP: 5/7
  2738 | D:4      | Reached XP level 6. HP: 10/53 MP: 8/8
  3064 | D:3      | Learned a level 3 spell: Stone Arrow
  3449 | D:4      | Found a blossoming altar of Fedhas.
  3467 | D:4      | Noticed an oklob plant
  3731 | D:5      | Reached skill level 5 in Short Blades
  3731 | D:5      | Reached skill level 5 in Dodging
  4281 | D:5      | Reached XP level 7. HP: 60/60 MP: 10/10
  4398 | D:6      | Noticed a steam dragon
  4406 | D:6      | Killed a steam dragon
  4407 | D:6      | Reached skill level 10 in Stealth
  4444 | D:6      | Found an ornate altar of the Wu Jian Council.
  4488 | D:6      | Found a staircase to the Ecumenical Temple.
  4489 | D:6      | Noticed Dowan
  4490 | D:6      | Noticed Duvessa
  4499 | Temple   | Entered the Ecumenical Temple
  4600 | Temple   | Killed Duvessa
  4626 | Temple   | Killed Dowan
  4627 | Temple   | Reached XP level 8. HP: 46/67 MP: 12/12
  4936 | D:6      | Found a runed translucent gate.
  4936 | D:6      | Found a runed translucent gate.
  4936 | D:6      | Found a runed translucent gate.
  5163 | D:6      | Noticed a kobold demonologist
  5165 | D:6      | Noticed Kurtz's ghost (novice OpFi)
  5238 | D:6      | Noticed Blork the orc
  5240 | D:6      | Found an ancient bone altar of Kikubaaqudgha.
  5256 | D:6      | Killed Blork the orc
  5453 | D:7      | Learned a level 3 spell: Swiftness
  5876 | D:7      | Reached XP level 9. HP: 73/73 MP: 14/14
  6411 | D:8      | Found Ibilog Hue's Magic Scroll Emporium.
  6423 | D:8      | Noticed a two-headed ogre
  6440 | D:8      | Slain by a two-headed ogre

Illustrated notes

Levels and vault maps discovered:
D:1:      dreamdust_arrival_sigmund_warning, layout_rooms
D:2:      layout_rooms, basic_altar, uniq_crazy_yiuf_cottage
D:3:      layout_rooms, mainiacjoe_overflow_alcove_4,
          hellmonk_ghost_happy_afterlife, basic_ecumenical_altar
D:4:      minmay_inner_zag, layout_basic, tgw_fedhas, serial_corexii_hall,
          corexii_hall_statues_deadend, chequers_hall_statues_y,
          chequers_hall_statues_y, chequers_hall_statues_wall_a
D:5:      layout_rooms, saegor_snake_ambush
D:6:      layout_gridville, pdpol_wu_jian_five_deadly_venoms,
          nicolae_kikubaaqudgha_miasma_corner, minmay_temple_entry_water_ring,
          gammafunk_ghost_nasty_kobolds, kennysheep_another_room,
          uniq_blork_the_orc, uniq_duvessa
D:7:      layout_loops_ring, nicolae_zen_rock_garden
D:8:      layout_layer_cave, serial_shops, nicolae_take_the_stairs
Temple:   cyrus_temple_forest

Skill      XL: |  1  2  3  4  5  6  7  8  9 |
---------------+----------------------------+-----
Stealth        | 10 | 10.4
Invocations    | 1 2 3 4 |  4.5
Long Blades    | 1 2 3 4 |  4.0
Axes           | 1 2 3 4 |  4.0
Maces & Flails | 1 2 3 4 |  4.0
Polearms       | 1 2 3 4 |  4.0
Staves         | 1 2 3 4 |  4.0
Ranged Weapons | 1 2 3 4 |  4.0
Throwing       | 1 2 3 4 |  4.0
Armour         | 1 2 3 4 |  4.0
Shields        | 1 2 3 4 |  4.0
Unarmed Combat | 1 2 3 4 |  4.0
Spellcasting   | 1 2 3 4 |  4.0
Evocations     | 1 2 3 4 |  4.0
Shapeshifting  | 1 2 3 |  3.7
Conjurations   | 1 2 3 |  3.3
Hexes          | 1 2 3 |  3.3
Summonings     | 1 2 3 |  3.3
Necromancy     | 1 2 3 |  3.3
Translocations | 1 2 3 |  3.3
Transmutations | 1 2 3 |  3.3
Fire Magic     | 1 2 3 |  3.3
Ice Magic      | 1 2 3 |  3.3
Air Magic      | 1 2 3 |  3.3
Earth Magic    | 1 2 3 |  3.3
Poison Magic   | 1 2 3 |  3.3
Short Blades   | 5 6 |  6.2
Dodging        | 5 6 |  6.2
Fighting       | 7 |  7.8

Action                     |  1- 3 |  4- 6 |  7- 9 || total
---------------------------+-------+-------+-------++-------
  Melee: Short sword       |    93 |   240 |   267 ||   600
         Bite              |     5 |    28 |    36 ||    69
         Punch             |     1 |     8 |    12 ||    21
         War axe           |       |       |    32 ||    32
   Fire: Sling             |       |       |    61 ||    61
  Throw: Dart              |       |     8 |       ||     8
   Cast: Call Canine Famil |       |       |     6 ||     6
         Swiftness         |       |       |     1 ||     1
  Evoke: Wand              |       |    10 |    25 ||    35
    Use: Scroll            |     1 |     3 |     8 ||    12
         Potion            |       |     1 |     1 ||     2
   Stab: Sleeping          |    14 |    11 |     4 ||    29
         Paralysed         |       |     3 |     9 ||    12
         Distracted        |       |       |     1 ||     1
 Armour: Leather armour    |    36 |   100 |     1 ||   137
         Steam dragon scal |       |       |   164 ||   164
  Dodge: Dodged            |    51 |    97 |   156 ||   304

Table legend: (Time is in decaauts)
 A = Elapsed time spent in this place.
 B = Non-inter-level travel time spent in this place.
 C = Inter-level travel time spent in this place.
 D = Time resting spent in this place.
 E = Time spent auto-exploring this place.
 F = Levels seen in this place.
 G = Mean time per level.
                   A        B        C        D        E       F      G
               +--------+--------+--------+--------+--------+-----+--------+
         Total |   6308 |   6079 |    229 |   1378 |   2958 |   9 |  700.9 |
       Dungeon |   6071 |   5842 |    229 |   1259 |   2958 |   8 |  758.9 |
        Temple |    236 |    236 |      0 |    119 |      0 |   1 |  236.0 |
               +--------+--------+--------+--------+--------+-----+--------+

Top non-repeatable levels by time:
     D:4: 1822 daAuts
     D:7: 1019 daAuts
     D:3: 778 daAuts
     D:6: 695 daAuts
     D:5: 693 daAuts
     D:2: 558 daAuts
     D:1: 455 daAuts
  Temple: 236 daAuts
     D:8: 50 daAuts
